 Dungeon Crawl Stone Soup version 0.17-a0-1123-g6d3914c (console) character file.

88 Monkaria the Skirmisher (level 4, -4/52 HPs)
             Began as a Demonspawn Chaos Knight on May 24, 2015.
             Slain by Monkaria's ghost (14 damage)
             ... on level 3 of the Dungeon.
             The game lasted 00:04:50 (3348 turns).

Monkaria the Skirmisher (Demonspawn Chaos Knight)   Turns: 3348, Time: 00:04:50

Health: -4/52      AC: 22    Str: 12    XL:     4   Next: 30%
Magic:  0/4        EV:  2    Int: 13    God:    Xom [..*...]
Gold:   99         SH:  0    Dex: 12    Spells: 0 memorised, 3 levels left

rFire  . . .     SeeInvis .     a - +0 falchion (chaos)
rCold  . . .     Clarity  .     (armour currently unavailable)
rNeg   + + +     SustAt   .     (no shield)
rPois  +         Gourm    .     (helmet currently unavailable)
rElec  .         Spirit   +     (cloak currently unavailable)
rCorr  .         Warding  .     (gloves currently unavailable)
rMut   .         NoTele   +     (boots currently unavailable)
MR     .....                    (no amulet)
Stlth  +.........               (no ring)
                                (no ring)

@: tree-form (expiring), drained, not resistant to hostile enchantments, very
unstealthy
A: (fire resistance 0), frail 1, weak 1, magic shield
a: Renounce Religion


You were on level 3 of the Dungeon.
You worshipped Xom.
You were a toy of Xom.
You were not hungry.
You were a tree.
You visited 1 branch of the dungeon, and saw 3 of its levels.
You visited the Abyss 1 time.

You collected 99 gold pieces.

Inventory:

Hand weapons
 a - a +0 falchion of chaos (weapon)
Missiles
 p - 11 poisoned needles
 s - 5 tomahawks (quivered)
Armour
 b - a +2 leather armour (melded)
 u - a +0 pair of boots (melded)
Jewellery
 m - an uncursed ring of poison resistance {unknown}
Magical devices
 q - a wand of polymorph (5)
Scrolls
 g - 3 scrolls of remove curse {unknown}
 h - a scroll of magic mapping {unknown}
 k - a scroll of fog {unknown}
 n - a scroll of immolation {unknown}
 o - a scroll of fear {unknown}
 r - a scroll of enchant armour {unknown}
Potions
 j - a potion of lignification
Comestibles
 c - a bread ration
 f - a beef jerky
 i - a meat ration


   Skills:
 - Level 5.1(4.8) Fighting
 + Level 2.8(2.5) Long Blades
 - Level 1.7(1.5) Armour
 - Level 0.8(0.6) Dodging


You had 3 spell levels left.
You didn't know any spells.

Dungeon Overview and Level Annotations

Branches:
Dungeon (3/15)

Altars:

Annotations:
D:3 Monkaria's ghost, average DsCK


Innate Abilities, Weirdness & Mutations

((Your flesh is heat resistant.))
When hurt, damage is shared between your health and your magic reserves.
You are frail (-10% HP).
You are weak. (Str -2)


Message History

Something hits you!
* * * LOW HITPOINT WARNING * * *
You hit something. Something hits you but does no damage.
You hit something but do no damage.
* * * LOW HITPOINT WARNING * * *
You feel sick. Something hits you but does no damage.
Unknown command.
Drink which item? (? for menu, Esc to quit)
You feel better.
Your transformation is almost over.
Something hits you but does no damage.
You feel a strange sense of stasis.
Drink which item? (? for menu, Esc to quit)
It was a potion of magic.
Magic courses through your body. Something hits you but does no damage.
Drink which item? (? for menu, Esc to quit)
It was a potion of cancellation.
Your magical effects are unravelling.
You feel magically purged. Something hits you but does no damage.
Space warps horribly around you!
You die...

#### #... ### #.##
..# # # #.#
###.#.#### #.# .....
...###.####### #.##
#.....##.##........#
#...
#.....{♣.....#.##.#
####
##.#######.##.## .#
#.##.###.# #
##.##)....# ##
#.........# ##.
#.........####..
#.###...........
#.##..##.###....
#.#......###..#.


There were no monsters in sight!

Vanquished Creatures
  2 adders
  An ooze (D:1)
  2 worms
  3 giant geckos
  5 orcs (D:3)
  4 giant cockroaches
  3 hobgoblins (D:3)
  3 jackals (D:3)
  7 kobolds
  3 quokkas (D:2)
  A ball python (D:2)
  3 bats
  3 giant newts
  6 goblins
  6 rats
52 creatures vanquished.

Notes
Turn   | Place    | Note
--------------------------------------------------------------
     0 | D:1      | Monkaria the Demonspawn Chaos Knight began the quest for the Orb.
     0 | D:1      | Reached XP level 1. HP: 18/18 MP: 1/1
   422 | D:1      | Gained mutation: Your flesh is heat resistant. [demonic ancestry]
   422 | D:1      | Reached XP level 2. HP: 16/24 MP: 2/2
   804 | D:1      | XOM: silly message
   842 | D:1      | XOM: divination: detect items
   876 | D:1      | XOM: divination: detect creatures
   917 | D:1      | Reached skill level 4 in Fighting
  1055 | D:1      | XOM: harmless Air miscast
  1214 | D:1      | XOM: harmless Divn miscast
  1293 | D:1      | XOM: harmless Air miscast
  1529 | D:2      | Reached XP level 3. HP: 22/30 MP: 3/3
  2139 | D:2      | XOM: silly message
  2380 | D:2      | XOM: give mutations
  2380 | D:2      | Gained mutation: You are weak. (Str -2) [Xom's mischief]
  2380 | D:2      | Gained mutation: You are frail (-10% HP). [Xom's mischief]
  2959 | D:3      | XOM: polymorph bat -> goblin
  2961 | D:3      | Gained mutation: When hurt, damage is shared between your health and your magic reserves. [demonic ancestry]
  2961 | D:3      | Reached XP level 4. HP: 23/34 MP: 4/4
  3007 | D:3      | Reached skill level 5 in Fighting
  3021 | D:3      | XOM: potion effect (magic)
  3311 | D:3      | Noticed Monkaria's ghost (average DsCK)
  3313 | D:3      | XOM: enchant monster (good)
  3332 | D:3      | Cast into the Abyss (Monkaria's ghost)
  3332 | D:3      | Escaped the Abyss
  3332 | D:3      | XOM: revert banishment
  3336 | D:3      | Paralysed by something for 3 turns
  3343 | D:3      | HP: 1/52 [something (7)]
  3348 | D:3      | Slain by Monkaria's ghost

Vault maps used:
D:1:      erik_arrival_triangle_medium, serial_bayou_ford_a
D:3:      old_standard_altar, lemuel_coloured_pillars_altar, lemuel_round_altar,
          serial_park_tiny_1

Action                   |  1- 3 |  4- 6 || total
-------------------------+-------+-------++-------
Melee: Falchion          |   152 |    59 ||   211
  Use: Potion            |       |     7 ||     7
 Stab: Sleeping          |     1 |       ||     1
  Eat: Chunk             |     6 |     2 ||     8
